 Dungeon Crawl Stone Soup version 0.32-a0-540-g866d13106e (webtiles) character file.

Game seed: 8898017257718983772

2864 lunkers the Arsonist (level 9, -1/68 (72) HPs)
             Began as a Mountain Dwarf Fire Elementalist on Feb 28, 2024.
             Was a Believer of Sif Muna.
             Slain by an orc warrior
             ... wielding a +0 flail
              (15 damage)
             ... on level 8 of the Dungeon on Feb 29, 2024.
             The game lasted 00:20:16 (9566 turns).

lunkers the Arsonist (MDFE)                         Turns: 9566, Time: 00:20:17

HP:   -1/68 (72)    AC:  6    Str: 10    XL:     9   Next: 47%
MP:   2/11          EV: 11    Int: 21    God:    Sif Muna [**....]
Gold: 374           SH:  5    Dex: 10    Spells: 1/11 levels left

rFire   . . .        a - +1 morningstar
rCold   . . .        (no shield)
rNeg    . . .        E - +0 steam dragon scales
rPois   .            g - +0 helmet
rElec   .            (no cloak)
rCorr   .            (no gloves)
SInv    .            (no boots)
Will    .....        h - amulet of reflection
Stlth   ++           t - +4 ring of slaying
HPRegen 0.31/turn    y - ring of flight
MPRegen 0.12/turn

%: reflection
@: flying, drained
A: runic magic, artefact enchanting
a: Renounce Religion, Channel Magic


You were on level 8 of the Dungeon.
You worshipped Sif Muna.
Sif Muna was pleased with you.
You visited 1 branch of the dungeon, and saw 8 of its levels.

You collected 374 gold pieces.

Inventory:

Hand Weapons
 a - a +1 morningstar (weapon)
 d - a +0 dagger
 q - a +1 flail of protection
 u - a +3 dagger
 v - a +4 dagger of draining
Missiles
 o - 3 curare-tipped darts
Armour
 g - a +0 helmet (worn)
 n - a +0 robe
 E - +0 steam dragon scales (worn)
Jewellery
 f - a ring of see invisible
 h - an amulet of reflection (around neck)
 t - a +4 ring of slaying (left hand)
 y - a ring of flight (right hand)
Wands
 w - a wand of flame (16)
 x - a wand of light (9)
 A - a wand of digging (5)
Scrolls
 k - 3 scrolls of teleportation
 l - 2 scrolls of revelation
 m - a scroll of identify
 p - a scroll of fog
 r - a scroll of silence {unknown}
 s - a scroll of immolation
 B - 3 scrolls of poison
Potions
 b - 2 potions of magic
 c - 4 potions of curing
 e - a potion of mutation
 i - 2 potions of enlightenment
 j - a potion of invisibility {unknown}
 z - a potion of brilliance {unknown}
 C - a potion of cancellation {unknown}


   Skills:
 + Level 4.7 Fighting
 - Level 1.3 Dodging
 - Level 1.4 Stealth
 - Level 1.7 Spellcasting
 - Level 0.8 Conjurations
 * Level 14.8 Fire Magic


You had one spell level left.
You knew the following spells:

 Your Spells              Type           Power      Damage    Failure   Level
b - Scorch                Fire           100%       2d9       1%          2
c - Flame Wave            Conj/Fire      34%        2d10      6%          4
d - Volatile Blastmotes   Fire/Tloc      66%        2d15      2%          3
p - Foxfire               Conj/Fire      100%       2x1d9     1%          1

Your spell library contained the following spells:

 Spells                   Type           Power      Damage    Failure   Level
 Necrotise                Necr           4%         1d4       16%         1
 Inner Flame              Hex/Fire       33%        N/A       2%          3
 Sublimation of Blood     Necr           1%         N/A       22%         2
 Call Canine Familiar     Summ           1%         N/A       41%         3
 Ozocubu's Armour         Ice            1%         N/A       41%         3
 Sigil of Binding         Hex            1%         N/A       41%         3
 Vampiric Draining        Necr           1%         2d6       41%         3
 Dimensional Bullseye     Hex/Tloc       0%         N/A       83%         4
 Martyr's Knell           Necr/Summ      1%         N/A       83%         4
 Petrify                  Alch/Erth      1%         N/A       83%         4
 Irradiate                Conj/Alch      1%         3d12      98%         5
 Curse of Agony           Necr           1%         N/A       99%         5
 Metabolic Englaciation   Hex/Ice        0%         N/A       99%         5
 Sculpt Simulacrum        Ice/Alch       0%         N/A       100%        6


Dungeon Overview and Level Annotations

Branches:
Dungeon (8/15)             Temple (0/1) D:6
   Lair: D:8-11

Altars:
Cheibriados
Dithmenos
Hepliaklqana
Okawaru
Sif Muna
Uskayaw
Vehumet
Wu Jian
Yredelemnul

Annotations:
D:6 Pikel


Innate Abilities, Weirdness & Mutations

Your spellcasting is much less encumbered by armour.
You can use scrolls of enchantment on lesser artefacts.


Message History

The orc shouts!
You hit the orc warrior.
The orc warrior is moderately wounded.
You hear a shout!
The foxfire hits the orc warrior.
The orc warrior is moderately wounded.
The orc warrior hits you with a +0 flail.
You barely miss the orc warrior.
The orc warrior is moderately wounded.
A goblin comes into view. It is wielding a +0 spear.
The orc warrior hits you with a +0 flail!
* * * LOW HITPOINT WARNING * * *
Unknown command.
The centaur shouts!
You hear a shout!
The orc warrior hits you with a +0 flail.
* * * LOW HITPOINT WARNING * * *
The goblin hits you but does no damage. The goblin barely misses you.
The orc warrior attacks as it pursues you!
The orc warrior hits you with a +0 flail!
* * * LOW HITPOINT WARNING * * *
The orc warrior attacks as it pursues you!
The orc warrior hits you with a +0 flail.
* * * LOW HITPOINT WARNING * * *
The goblin attacks as it pursues you! The goblin misses you.
Unknown command.
A goblin comes into view. It is wielding a +0 spear.
The orc warrior attacks as it pursues you!
The orc warrior hits you with a +0 flail!
* * * LOW HITPOINT WARNING * * *
A goblin comes into view. It is wielding a +0 spear.
The orc warrior attacks as it pursues you!
You block the orc warrior's attack. The goblin attacks as it pursues you!
The goblin hits you but does no damage.
The orc warrior attacks as it pursues you!
The orc warrior hits you with a +0 flail.
* * * LOW HITPOINT WARNING * * *
The orc warrior attacks as it pursues you!
The orc warrior hits you with a +0 flail!
You die...

...##........... ...# .#
.............# ##.#####)##
.............#####......)..#
..).)).....................#
.....†..go..##...(.........#
......###....#..<.......####
#####.# #.c..#..........#
#.# #....###.##.##### #g#
#....# #@#.....# #..
+..g.###o#†)...#
#c.##....#...#...†.#
.........g.###.....#
~≈~~....#####.....#####
g##~..................#
#~...........#.####.#
#~...........#.#<.#.#
#~...#.......#.#.##.#


You could see an orc warrior.

Vanquished Creatures
  2 wyverns
  A steam dragon (D:6)
  Menkaure (D:4)
  2 water moccasins
  4 sky beasts
  A black bear (D:8)
  2 lemures
  3 kobold brigands
  3 bullfrogs
  3 scorpions
  4 howler monkeys
  3 bombardier beetles
  3 orc priests
  A sleepcap (D:5)
  2 gnoll boudas
  2 hounds
  6 iguanas
  A jelly (D:7)
  4 orc wizards
  7 gnolls (D:7)
  8 adders
  A river rat (D:6)
  2 shadow imps
  2 white imps (D:5)
  6 ufetubi
  3 dart slugs
  2 ribbon worms (D:2)
  13 orcs
  3 endoplasms
  3 giant cockroaches
  11 goblins
  9 hobgoblins
  2 jackals (D:1)
  24 kobolds
  4 quokkas
  11 ball pythons
  4 bats
  2 frilled lizards
  6 rats
171 creatures vanquished.

Vanquished Creatures (others)
  587 foxfires
587 creatures vanquished.

Grand Total: 758 creatures vanquished

Notes
Turn   | Place    | Note
-------+----------+-------------------------------------------
     0 | D:1      | lunkers the Mountain Dwarf Fire Elementalist began the
                  | quest for the Orb.
     0 | D:1      | Reached XP level 1. HP: 14/14 MP: 3/3
     6 | D:1      | Noticed a crocodile
     6 | D:1      | Noticed a swamp worm
     6 | D:1      | Noticed a swamp drake
     7 | D:1      | Noticed a black mamba
     7 | D:1      | Noticed a polar bear
   128 | D:1      | Reached skill level 4 in Fire Magic
   187 | D:1      | Reached XP level 2. HP: 15/20 MP: 0/4
   337 | D:1      | Learned a level 2 spell: Scorch
   916 | D:1      | Reached skill level 5 in Fire Magic
   978 | D:1      | Reached XP level 3. HP: 26/26 MP: 1/5
  1597 | D:2      | Reached skill level 6 in Fire Magic
  1597 | D:2      | Reached XP level 4. HP: 33/33 MP: 0/6
  3279 | D:3      | Found a basalt altar of Yredelemnul.
  3298 | D:3      | Reached XP level 5. HP: 38/38 MP: 4/7
  3325 | D:3      | Reached skill level 7 in Fire Magic
  3698 | D:4      | Noticed Menkaure
  3705 | D:4      | Killed Menkaure
  3706 | D:4      | Reached skill level 8 in Fire Magic
  3706 | D:4      | Reached XP level 6. HP: 45/45 MP: 0/8
  3774 | D:4      | Noticed a sky beast
  3785 | D:4      | Killed a sky beast
  3786 | D:4      | Reached skill level 9 in Fire Magic
  3905 | D:4      | Found an ornate altar of the Wu Jian Council.
  3905 | D:4      | Found an iron altar of Okawaru.
  3911 | D:4      | Found a shadowy altar of Dithmenos.
  3912 | D:4      | Found a hide-covered altar of Uskayaw.
  3912 | D:4      | Found a snail-covered altar of Cheibriados.
  3914 | D:4      | Found a shimmering blue altar of Sif Muna.
  3916 | D:4      | Found a hazy altar of Hepliaklqana.
  3917 | D:4      | Found a radiant altar of Vehumet.
  3922 | D:4      | Became a worshipper of Sif Muna the Loreminder
  4449 | D:4      | Reached XP level 7. HP: 50/50 MP: 3/9
  4793 | D:5      | Entered Level 5 of the Dungeon
  4823 | D:5      | You fall into a shaft and drop 1 floor!
  4939 | D:6      | Reached skill level 10 in Fire Magic
  5244 | D:5      | Reached skill level 11 in Fire Magic
  5837 | D:5      | Reached XP level 8. HP: 57/57 MP: 1/10
  6361 | D:6      | Reached skill level 12 in Fire Magic
  6775 | D:6      | Found a staircase to the Ecumenical Temple.
  7040 | D:6      | Reached skill level 13 in Fire Magic
  7109 | D:6      | Reached * piety under Sif Muna
  7195 | D:6      | Reached skill level 1 in Fighting
  7664 | D:6      | Learned a level 4 spell: Flame Wave
  7668 | D:6      | Learned a level 3 spell: Volatile Blastmotes
  7735 | D:7      | Noticed Pikel
  8103 | D:7      | Reached XP level 9. HP: 68/68 MP: 1/11
  8370 | D:7      | Reached skill level 14 in Fire Magic
  9512 | D:8      | Reached ** piety under Sif Muna
  9566 | D:8      | Slain by an orc warrior

Illustrated notes

Levels and vault maps discovered:
D:1:      onia_arrival_zoo_common, layout_basic, corner_web_ring, minivault_5
D:2:      layout_rooms, st_stairs_12, minmay_statues_item
D:3:      layout_loops_ring, mainiacjoe_overflow_chevrons,
          mrwooster_statue_mirror, serial_bayou_ford_a, saegor_snake_ambush
D:4:      nicolae_cairo_tiling, layout_basic, minitemple,
          grunt_decor_one_mirror, uniq_menkaure
D:5:      layout_basic, cheibrodos_sewer_entry_sluice
D:6:      layout_loops_ring, minmay_temple_entry_large_hall,
          grunt_decor_mini_mirrors, nicolae_underground_beach
D:7:      layout_basic, minmay_strange_pillars, uniq_pikel
D:8:      layout_basic, enter_bailey_3, grunt_ministairs_7, uniq_gastronok,
          uniq_maurice

Skill      XL: |  1  2  3  4  5  6  7  8  9 |
---------------+----------------------------+-----
Fire Magic     | 4 5 6 8 9 11 13 14 | 14.8
Fighting       | 2 4 |  4.7
Dodging        | |  1.3
Stealth        | |  1.4
Spellcasting   | |  1.7
Conjurations   | |  0.8

Action                     |  1- 3 |  4- 6 |  7- 9 || total
---------------------------+-------+-------+-------++-------
  Melee: Unarmed           |     1 |       |       ||     1
         Dagger            |    14 |    57 |    34 ||   105
         Morningstar       |       |       |    49 ||    49
  Throw: Dart              |       |       |     1 ||     1
   Cast: Foxfire           |    72 |    90 |   167 ||   329
         Scorch            |       |    26 |    68 ||    94
         Flame Wave        |       |       |     3 ||     3
  Evoke: Wand              |       |       |     1 ||     1
    Use: Scroll            |     4 |       |    12 ||    16
 Armour: Robe              |    14 |    26 |    35 ||    75
         Steam dragon scal |       |       |    72 ||    72
  Dodge: Dodged            |    21 |    37 |    88 ||   146
  Block: Other             |     6 |    16 |    35 ||    57
         Reflection        |     1 |       |       ||     1

Table legend: (Time is in decaauts)
 A = Elapsed time spent in this place.
 B = Non-inter-level travel time spent in this place.
 C = Inter-level travel time spent in this place.
 D = Time resting spent in this place.
 E = Time spent auto-exploring this place.
 F = Levels seen in this place.
 G = Mean time per level.
                   A        B        C        D        E       F      G
               +--------+--------+--------+--------+--------+-----+--------+
         Total |   9632 |   9356 |    276 |    258 |   7705 |   8 | 1204.0 |
       Dungeon |   9632 |   9356 |    276 |    258 |   7705 |   8 | 1204.0 |
               +--------+--------+--------+--------+--------+-----+--------+

Top non-repeatable levels by time:
     D:6: 2046 daAuts
     D:1: 1407 daAuts
     D:7: 1243 daAuts
     D:5: 1233 daAuts
     D:4: 1165 daAuts
     D:3: 1134 daAuts
     D:2: 1111 daAuts
     D:8: 290 daAuts
